 Dungeon Crawl Stone Soup version 0.26.1-11-gd32895ea62 (webtiles) character file.

Game seed: 17777432043083623793

2977 Zeld the Basher (level 9, -2/75 HPs)
             Began as a Yellow Draconian Gladiator on June 13, 2021.
             Was a Follower of Qazlal.
             Slain by an orc warrior
             ... wielding a +0 trident
              (16 damage)
             ... on level 9 of the Dungeon.
             The game lasted 00:13:44 (12762 turns).

Zeld the Basher (Yellow Draconian Gladiator)       Turns: 12762, Time: 00:13:45

Health: -2/75      AC: 10    Str: 20    XL:     9   Next: 53%
Magic:  9/9        EV: 14    Int:  9    God:    Qazlal [*.....]
Gold:   455        SH:  6    Dex: 12    Spells: 8/8 levels left

rFire    + . .     SeeInvis .   a - +3 flail
rCold    + . .     Faith    .   F - +0 buckler
rNeg     . . .     Spirit   .   (armour unavailable)
rPois    .         Reflect  .   L - +1 hat
rElec    .         Harm     .   l - scarf {rC+ rF+}
rCorr    +         Rampage  .   o - +0 pair of gloves
Will     .....                  b - +0 pair of boots
Stlth    +.........             (no amulet)
HPRegen  0.22/turn              (no ring)
MPRegen  0.11/turn              (no ring)

@: short of breath
A: spit acid, unfitting armour, cold-blooded, acid resistance, AC +7
a: Breathe Acid, Renounce Religion


You were on level 9 of the Dungeon.
You worshipped Qazlal.
Qazlal was aware of your devotion.
You visited 2 branches of the dungeon, and saw 10 of its levels.

You collected 455 gold pieces.

Inventory:

Hand Weapons
 a - a +3 flail (weapon)
Missiles
 f - 307 stones (quivered)
 u - 22 poisoned darts
 G - 2 boomerangs
Armour
 b - a +0 pair of boots (worn)
 l - a scarf of resistance (worn)
 o - a +0 pair of gloves (worn)
 F - a +0 buckler (worn)
 L - a +1 hat (worn)
Jewellery
 g - an uncursed ring of see invisible {unknown}
 m - a +6 ring of intelligence {unknown}
 n - an uncursed ring of protection from fire {unknown}
 A - an uncursed amulet of reflection {unknown}
 E - an uncursed ring of ice {unknown}
Wands
 y - a wand of acid (6)
 H - a wand of flame (46)
 K - a wand of iceblast (6)
Scrolls
 c - a scroll of noise {unknown}
 d - 5 scrolls of remove curse {unknown}
 i - 4 scrolls of fog {unknown}
 j - 2 scrolls of blinking {unknown}
 q - 2 scrolls of magic mapping {unknown}
 r - 3 scrolls of amnesia {unknown}
 s - a scroll of fear {unknown}
 t - 2 scrolls of enchant armour {unknown}
 x - 2 scrolls of immolation {unknown}
 B - 7 scrolls of teleportation {unknown}
 D - 6 scrolls of identify {unknown}
 I - 2 scrolls of random uselessness {unknown}
Potions
 e - 3 potions of degeneration {unknown}
 h - 4 potions of ambrosia {unknown}
 k - a potion of brilliance {unknown}
 p - 6 potions of curing {unknown}
 v - 3 potions of lignification {unknown}
 w - a potion of resistance {unknown}
 z - a potion of berserk rage
 C - 2 potions of might {unknown}
 J - 3 potions of heal wounds {unknown}


   Skills:
 + Level 5.9 Fighting
 * Level 8.0 Maces & Flails
 * Level 6.9 Throwing
 + Level 5.3 Dodging
 - Level 4.0 Shields


You had 8 spell levels left.
You didn't know any spells.
Your spell library contained the following spells:

 Spells                   Type           Power        Failure   Level
 Animate Skeleton         Necr           0%           38%         1
 Apportation              Tloc           0%           38%         1
 Corona                   Hex            0%           38%         1
 Shock                    Conj/Air       0%           38%         1
 Sting                    Tmut/Pois      0%           38%         1
 Summon Small Mammal      Summ           0%           38%         1
 Poisonous Vapours        Pois/Air       0%           52%         2
 Swiftness                Air            0%           52%         2
 Ignite Poison            Fire/Tmut/Pois 0%           77%         3
 Mephitic Cloud           Conj/Pois/Air  0%           77%         3
 Static Discharge         Conj/Air       0%           77%         3
 Airstrike                Air            0%           99%         4
 Olgreb's Toxic Radiance  Pois           0%           99%         4
 Lightning Bolt           Conj/Air       0%           100%        5


Dungeon Overview and Level Annotations

Branches:
Dungeon (9/15)             Temple (1/1) D:6
   Lair: D:8-11         Orc: D:9-12

Altars:
Ashenzari
Cheibriados
Dithmenos
Elyvilon
Fedhas
Gozag
Hepliaklqana
Kikubaaqudgha
Makhleb
Nemelex Xobeh
Okawaru
Qazlal
Ru
Sif Muna
Trog
Uskayaw
Vehumet
Wu Jian
Xom
Yredelemnul
Zin
The Shining One


Innate Abilities, Weirdness & Mutations

You can spit globs of acid.
Your golden yellow scales are hard. (AC +7)
You cannot fit into any form of body armour.
You are cold-blooded and may be slowed by cold attacks.
You are resistant to acid. (rCorr)


Message History

The orc warrior is severely wounded.
The orc warrior hits you with a +0 trident!
You hit the orc warrior.
The orc warrior is almost dead.
You block the orc warrior's attack.
You barely miss the orc warrior.
The orc warrior is almost dead.
The orc warrior hits you with a +0 trident!!
You are too injured to fight recklessly!
You are too injured to fight recklessly!
You are too injured to fight recklessly!
The orc warrior hits you but does no damage.
There is a stone staircase leading up here.
You can't do that yet.
You are too injured to fight recklessly!
You are too injured to fight recklessly!
The orc warrior hits you from afar with a +0 trident!
* * * LOW HITPOINT WARNING * * *
The orc warrior hits you from afar with a +0 trident!
You die...

.......+
...... .....
.... #..
####.####
#.......####
#.○<@.......
#..)....###(
#.o.....#
#.....>.#
>........#
###.......#
#.......#
#########


You could see an orc warrior (corroded).

Vanquished Creatures
  Pikel (D:5)
  An orc warrior (D:8)
  A sky beast (D:5)
  A phantom (D:4)
  3 ice beasts
  2 ogres
  4 centaurs
  5 bullfrogs
  4 scorpions
  4 wights (D:6)
  4 howler monkeys
  A centaur zombie (D:6)
  4 hounds
  A jelly (D:6)
  4 iguanas
  An orc wizard (D:7)
  3 worker ants
  2 worker ant zombies
  9 adders
  5 gnolls
  2 shadow imps
  A white imp (D:6)
  An ooze (D:2)
  An adder skeleton (D:8)
  3 worms
  3 dart slugs
  6 leopard geckos
  18 orcs
  4 ball pythons
  5 giant cockroaches
  12 goblins
  11 hobgoblins
  2 jackals (D:4)
  2 quokkas
  10 bats
  6 frilled lizards
  A jackal skeleton (D:5)
  A jackal zombie (D:5)
  7 kobolds
  A leopard gecko skeleton (D:6)
  2 quokka skeletons
  11 rats
170 creatures vanquished.

Vanquished Creatures (others)
  13 plants (D:5)
13 creatures vanquished.

Grand Total: 183 creatures vanquished

Notes
Turn   | Place    | Note
-------+----------+-------------------------------------------
     0 | D:1      | Zeld the Draconian Gladiator began the quest for the Orb.
     0 | D:1      | Reached XP level 1. HP: 17/17 MP: 1/1
   112 | D:1      | Reached XP level 2. HP: 24/24 MP: 2/2
   256 | D:1      | Found a radiant altar of Vehumet.
   568 | D:1      | Reached XP level 3. HP: 29/30 MP: 3/3
   962 | D:2      | Noticed a centaur
  2520 | D:2      | Killed a centaur
  2521 | D:2      | Reached skill level 4 in Maces & Flails
  2521 | D:2      | Reached XP level 4. HP: 31/38 MP: 4/4
  2586 | D:2      | Reached XP level 5. HP: 45/45 MP: 5/5
  2763 | D:2      | Found an iron altar of Okawaru.
  2775 | D:2      | Found a basalt altar of Yredelemnul.
  4175 | D:3      | Found a sacrificial altar of Ru.
  4628 | D:4      | Found a shimmering blue altar of Sif Muna.
  4650 | D:4      | Reached XP level 6. HP: 51/51 MP: 6/6
  4675 | D:4      | Found a broken altar of Ashenzari.
  4715 | D:4      | Found a glowing golden altar of the Shining One.
  4730 | D:4      | Found a burning altar of Makhleb.
  4770 | D:4      | Reached skill level 5 in Maces & Flails
  5386 | D:4      | Reached skill level 1 in Shields
  5386 | D:4      | Your scales start taking on a golden yellow colour.
  5386 | D:4      | Reached XP level 7. HP: 32/58 MP: 7/7
  5386 | D:4      | Gained mutation: You are resistant to acid. (rCorr) [Yellow
                  | Draconian growth]
  5578 | D:5      | Entered Level 5 of the Dungeon
  5749 | D:5      | Found a blossoming altar of Fedhas.
  6138 | D:5      | Reached XP level 8. HP: 58/67 MP: 8/8
  6458 | D:5      | Reached skill level 6 in Maces & Flails
  6579 | D:5      | Noticed an angel
  6580 | D:5      | Found a glowing silver altar of Zin.
  6640 | D:6      | Reached skill level 5 in Throwing
  6644 | D:6      | Noticed Pikel
  7228 | D:5      | Killed Pikel
  7278 | D:6      | Reached skill level 5 in Fighting
  7310 | D:6      | Found a staircase to the Ecumenical Temple.
  7497 | Temple   | Entered the Ecumenical Temple
  7862 | Temple   | Became a worshipper of Qazlal Stormbringer
  8766 | D:6      | Reached skill level 7 in Maces & Flails
  8902 | D:6      | Found a staircase to the Ecumenical Temple.
  9526 | D:7      | Reached XP level 9. HP: 74/74 MP: 9/9
  9724 | D:7      | Reached skill level 5 in Dodging
 11103 | D:8      | Found an ornate altar of the Wu Jian Council.
 11110 | D:8      | Reached * piety under Qazlal
 12220 | D:8      | Reached skill level 8 in Maces & Flails
 12762 | D:9      | Slain by an orc warrior

Illustrated notes

Levels and vault maps discovered:
D:1:      tarquinn_simple_flora_water_a, layout_loops_ring, minmay_hexomino_r4
D:2:      layout_rooms, nicolae_overflow_hidden_temple, okawaru_metal_pillars_3
D:3:      layout_loops_ring, lemuel_coloured_pillars_altar
D:4:      layout_loops_cross, nicolae_overflow_quartered_altars,
          dk_noncrumbling_3, grunt_decor_arrowhead
D:5:      wad_lake_hut, layout_basic, zin_angel, fedhas_bush_and_centaur_altar,
          serial_glass, glass_columns_c, glass_columns_c, glass_columns_a,
          glass_columns_a, glass_columns_a, glass_columns_b, glass_columns_a,
          glass_columns_a, chequers_serial_rivers_micro_b
D:6:      layout_basic, minmay_temple_entry_wispy, uniq_pikel
D:7:      layout_loops_ring
D:8:      layout_gridville, overflow_temple_1_default
D:9:      layout_roguey, nicolae_blasting_shop, solitary_fountain
Temple:   minmay_temple_forest_path

Skill      XL: |  1  2  3  4  5  6  7  8  9 |
---------------+----------------------------+-----
Throwing       | 2 3 4 6 |  6.9
Dodging        | 3 4 5 |  5.3
Fighting       | 3 4 5 |  5.9
Maces & Flails | 4 5 7 8 |  8.0
Shields        | 1 2 4 |  4.0

Action                   |  1- 3 |  4- 6 |  7- 9 || total
-------------------------+-------+-------+-------++-------
Melee: Flail             |    78 |   130 |   258 ||   466
       Tailslap          |     7 |    11 |    31 ||    49
Throw: Stone             |    57 |   155 |   116 ||   328
       Throwing net      |     3 |       |       ||     3
 Abil: Breathe Acid      |       |       |    18 ||    18
 Stab: Sleeping          |       |     1 |     1 ||     2
Armor: Skin              |    36 |    44 |    65 ||   145
Dodge: Dodged            |   121 |   116 |   179 ||   416
Block: Buckler           |       |     2 |    66 ||    68
